 Dungeon Crawl Stone Soup version 0.27-a0-909-g0721f30 (webtiles) character file.

Game seed: 12986882425414545802

60 Nithhogg the Skirmisher (level 3, 0/43 HPs)
             Began as a Demonspawn Fighter on Apr 8, 2021.
             Slain by a goblin
             ... wielding a +0 dagger
             ... led by Robin
              (2 damage)
             ... on level 2 of the Dungeon.
             The game lasted 00:04:18 (1836 turns).

Nithhogg the Skirmisher (Demonspawn Fighter)        Turns: 1836, Time: 00:04:19

Health: 0/43       AC:  6    Str: 17    XL:     3   Next: 82%
Magic:  3/3        EV:  8    Int:  9    God:
Gold:   107        SH:  9    Dex: 12    Spells: 2/2 levels left

rFire    . . .     SeeInvis .   a - +0 long sword
rCold    . . .     Faith    +   c - +0 kite shield
rNeg     . . .     Spirit   .   b - +0 scale mail
rPois    .         Reflect  .   (no helmet)
rElec    .         Harm     .   (no cloak)
rCorr    .         Rampage  .   (no gloves)
Will     .....                  (no boots)
Stlth    ..........             l - amulet of faith
HPRegen  0.14/turn              (no ring)
MPRegen  0.08/turn              (no ring)

@: mighty, berserking, hasted, very quick
A: sturdy frame 2
a: no special abilities


You were on level 2 of the Dungeon.
You visited 1 branch of the dungeon, and saw 2 of its levels.

You collected 107 gold pieces.

Inventory:

Hand Weapons
 a - a +0 long sword (weapon)
Armour
 b - a +0 scale mail (worn)
 c - a +0 kite shield (worn)
Jewellery
 l - an amulet of faith (around neck)
Scrolls
 f - 2 scrolls of fear {unknown}
 k - a scroll of identify
 m - a scroll of magic mapping
 o - a scroll of teleportation {unknown}
Potions
 h - a potion of lignification {unknown}
 i - a potion of ambrosia {unknown}
 j - a potion of heal wounds {unknown}
 n - a potion of curing {unknown}


   Skills:
 + Level 3.5 Fighting
 + Level 2.4 Long Blades
 + Level 3.1 Armour
 + Level 3.2 Shields


You had 2 spell levels left.
You didn't know any spells.
Your spell library was empty.

Dungeon Overview and Level Annotations

Branches:
Dungeon (2/15)

Altars:


Innate Abilities, Weirdness & Mutations

Your movements are less encumbered by armour. (ER -4)


Message History

The hobgoblin no longer looks unusually strong.
Robin hits you but does no damage. The goblin barely misses you.
You riposte.
You closely miss the goblin. You closely miss Robin.
Robin is moderately wounded.
Robin roars a battlecry!
The hobgoblin goes into a battle-frenzy!
You block the goblin's attack. Robin hits you with a +0 spear.
* * * LOW HITPOINT WARNING * * *
The goblin hits you but does no damage.
You hit Robin.
Robin is severely wounded.
Robin hits you with a +0 spear.
* * * LOW HITPOINT WARNING * * *
The goblin hits you with a +0 dagger.
* * * LOW HITPOINT WARNING * * *
Robin hits you but does no damage.
You barely miss Robin.
Robin is severely wounded.
The goblin no longer looks unusually strong.
The hobgoblin no longer looks unusually strong.
The goblin no longer looks unusually strong.
The goblin hits you but does no damage. You block Robin's attack.
You block the goblin's attack.
You barely miss Robin.
Robin is severely wounded.
Robin hits you but does no damage. You block the goblin's attack.
You block Robin's attack. The goblin hits you with a +0 dagger.
* * * LOW HITPOINT WARNING * * *
It was a potion of haste.
You feel yourself speed up.
Robin roars a battlecry!
The goblins go into a battle-frenzy!
You block the goblin's attack.
It was a potion of berserk rage.
A red film seems to cover your vision as you go berserk!
You feel yourself moving faster!
You feel mighty!
You hit Robin.
You kill Robin!
The goblin hits you with a +0 dagger.
You die...

#.##.......#..........#
#.##.#.#####.########.##
#.##.#.##........####.#.
#.##.#.##.##.###.##...#.
#.......#..#.# #.##.###.
####.####..#.# #.##.###.
#(......#.# #.##.....
#########.# #.#######
#ggg@g....# #.#
#.######### #)#


You could see 2 hobgoblins and 2 goblins.

Vanquished Creatures
  Robin (D:2)
  An adder (D:2)
  A worm (D:2)
  4 ball pythons
  2 endoplasms (D:1)
  3 giant cockroaches
  5 goblins
  3 hobgoblins
  11 jackals (D:2)
  4 kobolds
  A quokka (D:1)
  3 bats
  2 frilled lizards (D:1)
  2 rats (D:1)
43 creatures vanquished.

Notes
Turn   | Place    | Note
-------+----------+-------------------------------------------
     0 | D:1      | Nithhogg the Demonspawn Fighter began the quest for the
                  | Orb.
     0 | D:1      | Reached XP level 1. HP: 18/18 MP: 1/1
   314 | D:1      | Gained mutation: Your movements are slightly less
                  | encumbered by armour. (ER -2) [demonic ancestry]
   314 | D:1      | Reached XP level 2. HP: 24/24 MP: 2/2
   396 | D:1      | Found a faded altar of an unknown god.
  1085 | D:2      | Gained mutation: Your movements are less encumbered by
                  | armour. (ER -4) [demonic ancestry]
  1085 | D:2      | Reached XP level 3. HP: 24/29 MP: 3/3
  1817 | D:2      | Noticed Robin
  1833 | D:2      | HP: 1/29 [goblin/+0 dagger[Robin] (3)]
  1836 | D:2      | Killed Robin
  1836 | D:2      | Slain by a goblin

Illustrated notes

Levels and vault maps discovered:
D:1:      onia_arrival_mini_spirals, layout_basic,
          chequers_ecumenical_altar_simple_redux
D:2:      layout_basic, minmay_misc_feat_roman, bh_walls_and_bars, uniq_robin

Skill      XL: |  1  2 |
---------------+-------+-----
Long Blades    | 2 |  2.4
Armour         | 3 |  3.1
Shields        | 3 |  3.2
Fighting       | |  3.5

Action                   || total
-------------------------++-------
Melee: Long sword        ||   116
  Use: Scroll            ||     2
       Potion            ||     3
Armor: Scale mail        ||    76
Dodge: Dodged            ||    63
Block: Kite shield       ||    61
       Rpst.: Long sword ||    20

Table legend: (Time is in decaauts)
 A = Elapsed time spent in this place.
 B = Non-inter-level travel time spent in this place.
 C = Inter-level travel time spent in this place.
 D = Time resting spent in this place.
 E = Time spent auto-exploring this place.
 F = Levels seen in this place.
 G = Mean time per level.
                   A        B        C        D        E       F      G
               +--------+--------+--------+--------+--------+-----+--------+
         Total |   1897 |   1890 |      7 |    134 |   1464 |   2 |  948.5 |
       Dungeon |   1897 |   1890 |      7 |    134 |   1464 |   2 |  948.5 |
               +--------+--------+--------+--------+--------+-----+--------+

Top non-repeatable levels by time:
     D:2: 985 daAuts
     D:1: 911 daAuts
